[ AOE2 MATCH · #506115845 ]
UnrankedTatars vs Wu
Player's team · LOSS
Rival team · WIN
[ REPLAY ANALYSIS · EXTRACTED FROM THE RECORDED GAME ]
Feudal
8:27
Castle
23:41
Imperial
45:30
| APM avg | 81.4 |
| APM peak | 131 |
| eAPM avg | 37.6 |
| Villagers / military | 204 / 392 |
Focus
⚔️ 47.8% · 🌾 52.2%
Scout Cavalry ×225 · Cavalry Archer ×80 · Skirmisher ×50 · Archer ×13 · Knight ×10 · Trebuchet (Packed) ×5
Feudal
10:31
Castle
25:56
Imperial
50:27
| APM avg | 64.6 |
| APM peak | 90 |
| eAPM avg | 30.4 |
| Villagers / military | 214 / 158 |
Focus
⚔️ 41.1% · 🌾 58.9%
Unknown (1944) ×134 · Skirmisher ×71 · Archer ×66 · Unknown (1968) ×8 · Militia ×6 · Spearman ×6
Match map
Initial resources + every placement click. Lines = walls · curves = elevation contours. ◆ gold · ⬟ stone · ● berries · ✦ relic · ◌ wall gap
Your base· Open — opponent sealed themselves in
CNZS_98T's base· ✓ Closed at 25:56 · 43t walls · no gate
Smoothed initial terrain · ◌ = detected wall gap · hover for details
Inputs per minute
— CNZS_MING - - CNZS_98T
Build order — CNZS_MING
First 150 of 899 actions detected
| 0:00 | Create | Villager (Male) |
| 0:00 | Create | Villager (Male) |
| 0:00 | Create | Villager (Male) |
| 0:02 | Build | House |
| 0:04 | Build | House |
| 0:20 | Create | Villager (Male) |
| 1:23 | Create | Villager (Male) |
| 1:49 | Create | Villager (Male) |
| 1:58 | Build | Lumber Camp |
| 2:23 | Create | Villager (Male) |
| 2:23 | Create | Villager (Male) |
| 2:55 | Create | Villager (Male) |
| 2:55 | Create | Villager (Male) |
| 3:20 | Create | Villager (Male) |
| 3:42 | Create | Villager (Male) |
| 3:51 | Build | House |
| 4:26 | Create | Villager (Male) |
| 4:26 | Create | Villager (Male) |
| 4:41 | Create | Villager (Male) |
| 4:48 | Create | Villager (Male) |
| 5:00 | Create | Villager (Male) |
| 5:15 | Build | Mining Camp |
| 5:31 | Research | Loom |
| 5:38 | Build | Palisade Wall |
| 5:53 | Build | Palisade Wall |
| 5:54 | Build | Palisade Wall |
| 5:55 | Build | Palisade Wall |
| 6:01 | Build | Palisade Wall |
| 6:01 | Build | Palisade Wall |
| 6:17 | Research | Feudal Age |
| 6:26 | Build | House |
| 7:11 | Build | Barracks |
| 7:22 | Build | House |
| 7:29 | Build | Palisade Wall |
| 7:53 | Build | Palisade Gate |
| 7:59 | Build | House |
| 8:00 | Build | Palisade Wall |
| 8:02 | Build | Palisade Wall |
| 8:06 | Build | Palisade Wall |
| 8:07 | Build | Palisade Wall |
| 8:09 | Build | House |
| 8:11 | Build | Palisade Wall |
| 8:12 | Create | Villager (Male) |
| 8:27 | Age | Feudal Age |
| 8:30 | Build | Palisade Wall |
| 8:30 | Create | Villager (Male) |
| 8:41 | Build | Archery Range |
| 9:14 | Create | Villager (Male) |
| 9:28 | Build | Palisade Wall |
| 9:36 | Create | Archer |
| 9:37 | Create | Archer |
| 9:43 | Create | Villager (Male) |
| 9:52 | Build | Palisade Wall |
| 9:59 | Build | Blacksmith |
| 10:02 | Create | Villager (Male) |
| 10:32 | Create | Villager (Male) |
| 10:38 | Create | Archer |
| 10:58 | Create | Villager (Male) |
| 11:05 | Create | Archer |
| 11:10 | Research | Fletching |
| 11:23 | Create | Archer |
| 11:35 | Create | Villager (Male) |
| 11:41 | Build | Mill |
| 12:00 | Create | Archer |
| 12:11 | Create | Villager (Male) |
| 12:18 | Build | Farm |
| 12:24 | Build | House |
| 12:24 | Build | Palisade Wall |
| 12:30 | Create | Villager (Male) |
| 12:31 | Build | Farm |
| 12:36 | Create | Villager (Male) |
| 12:56 | Build | Farm |
| 13:01 | Research | Double-Bit Axe |
| 13:01 | Research | Double-Bit Axe |
| 13:08 | Create | Villager (Male) |
| 13:10 | Create | Archer |
| 13:26 | Create | Villager (Male) |
| 13:34 | Create | Villager (Male) |
| 13:35 | Build | Farm |
| 13:49 | Create | Archer |
| 13:50 | Create | Villager (Male) |
| 13:55 | Build | Farm |
| 14:00 | Build | Farm |
| 14:14 | Create | Villager (Male) |
| 14:26 | Create | Villager (Male) |
| 14:38 | Build | Stable |
| 14:40 | Create | Archer |
| 14:50 | Create | Villager (Male) |
| 15:07 | Create | Villager (Male) |
| 15:17 | Create | Archer |
| 15:22 | Build | Farm |
| 15:24 | Build | Farm |
| 15:29 | Create | Scout Cavalry |
| 15:36 | Create | Villager (Male) |
| 15:43 | Build | House |
| 15:44 | Build | House |
| 15:48 | Build | Farm |
| 15:54 | Create | Scout Cavalry |
| 15:55 | Create | Villager (Male) |
| 16:04 | Create | Villager (Male) |
| 16:13 | Research | Wheelbarrow |
| 16:13 | Research | Wheelbarrow |
| 16:19 | Build | Farm |
| 16:27 | Build | Watch Tower |
| 16:32 | Create | Scout Cavalry |
| 16:46 | Create | Archer |
| 16:47 | Create | Villager (Male) |
| 16:54 | Create | Scout Cavalry |
| 16:59 | Build | House |
| 17:12 | Create | Villager (Male) |
| 17:21 | Create | Scout Cavalry |
| 17:45 | Create | Archer |
| 17:48 | Create | Villager (Male) |
| 17:57 | Create | Villager (Male) |
| 18:17 | Create | Villager (Male) |
| 18:26 | Create | Villager (Male) |
| 18:55 | Create | Villager (Male) |
| 19:17 | Create | Villager (Male) |
| 19:41 | Create | Villager (Male) |
| 19:42 | Build | Lumber Camp |
| 19:58 | Create | Villager (Male) |
| 20:11 | Build | Market |
| 20:23 | Create | Archer |
| 20:26 | Create | Villager (Male) |
| 20:36 | Create | Skirmisher |
| 20:42 | Create | Villager (Male) |
| 21:01 | Research | Castle Age |
| 21:01 | Research | Castle Age |
| 21:02 | Create | Skirmisher |
| 21:23 | Build | Watch Tower |
| 21:26 | Create | Skirmisher |
| 22:02 | Build | House |
| 22:10 | Create | Skirmisher |
| 22:18 | Build | Lumber Camp |
| 22:21 | Create | Skirmisher |
| 22:27 | Build | Farm |
| 22:50 | Create | Skirmisher |
| 23:01 | Research | Horse Collar |
| 23:41 | Age | Castle Age |
| 23:47 | Create | Villager (Male) |
| 23:48 | Build | Town Center |
| 23:52 | Research | Bodkin Arrow |
| 24:00 | Create | Villager (Male) |
| 24:11 | Create | Knight |
| 24:27 | Research | Elite Skirmisher (upgrade) |
| 24:27 | Research | Elite Skirmisher (upgrade) |
| 24:34 | Create | Villager (Male) |
| 24:39 | Build | Farm |
| 24:45 | Create | Villager (Male) |
| 24:55 | Create | Skirmisher |
Build order — CNZS_98T
First 150 of 792 actions detected
| 0:01 | Create | Villager (Male) |
| 0:01 | Create | Villager (Male) |
| 0:01 | Create | Villager (Male) |
| 0:02 | Create | Villager (Male) |
| 0:03 | Build | House |
| 0:04 | Build | House |
| 1:25 | Create | Villager (Male) |
| 1:52 | Build | Lumber Camp |
| 1:56 | Create | Villager (Male) |
| 1:56 | Create | Villager (Male) |
| 2:12 | Create | Villager (Male) |
| 2:39 | Create | Villager (Male) |
| 2:59 | Create | Villager (Male) |
| 3:29 | Create | Villager (Male) |
| 3:30 | Create | Villager (Male) |
| 3:55 | Build | House |
| 4:01 | Create | Villager (Male) |
| 4:01 | Create | Villager (Male) |
| 4:30 | Create | Villager (Male) |
| 4:31 | Create | Villager (Male) |
| 4:34 | Build | Barracks |
| 5:00 | Build | House |
| 5:04 | Create | Villager (Male) |
| 5:08 | Create | Villager (Male) |
| 5:32 | Create | Militia |
| 5:55 | Build | House |
| 5:56 | Build | Palisade Wall |
| 5:59 | Create | Villager (Male) |
| 6:04 | Create | Militia |
| 6:04 | Create | Militia |
| 6:30 | Create | Villager (Male) |
| 6:46 | Create | Villager (Male) |
| 7:06 | Build | Mill |
| 7:20 | Create | Villager (Male) |
| 7:44 | Research | Loom |
| 8:15 | Research | Feudal Age |
| 8:19 | Build | Mining Camp |
| 8:44 | Build | Lumber Camp |
| 9:14 | Build | House |
| 9:16 | Create | Militia |
| 9:28 | Build | Palisade Wall |
| 9:29 | Build | Palisade Wall |
| 9:41 | Create | Militia |
| 9:59 | Create | Villager (Male) |
| 10:31 | Age | Feudal Age |
| 10:32 | Build | Archery Range |
| 10:35 | Research | Man-at-Arms (upgrade) |
| 10:36 | Research | Double-Bit Axe |
| 10:37 | Create | Villager (Male) |
| 11:03 | Create | Villager (Male) |
| 11:21 | Build | Archery Range |
| 11:22 | Create | Skirmisher |
| 11:26 | Build | Farm |
| 11:31 | Build | House |
| 11:40 | Create | Villager (Male) |
| 11:44 | Create | Skirmisher |
| 11:58 | Create | Villager (Male) |
| 12:00 | Build | Farm |
| 12:12 | Create | Skirmisher |
| 12:14 | Build | House |
| 12:20 | Create | Militia |
| 12:26 | Build | Farm |
| 12:27 | Build | Farm |
| 12:31 | Create | Villager (Male) |
| 12:38 | Build | House |
| 12:40 | Build | Farm |
| 12:52 | Create | Skirmisher |
| 12:57 | Build | Farm |
| 12:59 | Build | Farm |
| 13:04 | Create | Villager (Male) |
| 13:16 | Build | Farm |
| 13:18 | Create | Skirmisher |
| 13:19 | Create | Villager (Male) |
| 13:19 | Create | Villager (Male) |
| 13:40 | Create | Skirmisher |
| 13:40 | Create | Skirmisher |
| 13:45 | Build | Farm |
| 13:56 | Create | Villager (Male) |
| 14:03 | Create | Villager (Male) |
| 14:10 | Create | Skirmisher |
| 14:16 | Create | Skirmisher |
| 14:16 | Create | Skirmisher |
| 14:32 | Create | Villager (Male) |
| 14:43 | Build | Blacksmith |
| 15:04 | Create | Villager (Male) |
| 15:07 | Build | House |
| 15:24 | Research | Fletching |
| 15:28 | Create | Villager (Male) |
| 15:31 | Build | House |
| 15:50 | Build | House |
| 15:57 | Create | Villager (Male) |
| 16:01 | Build | Watch Tower |
| 16:10 | Create | Spearman |
| 16:11 | Create | Villager (Male) |
| 16:15 | Build | Farm |
| 16:16 | Build | Farm |
| 16:20 | Build | Palisade Wall |
| 16:28 | Research | Padded Archer Armor |
| 16:28 | Research | Padded Archer Armor |
| 16:30 | Build | Farm |
| 16:33 | Build | Farm |
| 16:34 | Create | Villager (Male) |
| 16:37 | Build | Mining Camp |
| 16:46 | Create | Villager (Male) |
| 16:56 | Build | Palisade Wall |
| 17:21 | Create | Villager (Male) |
| 17:36 | Create | Spearman |
| 17:36 | Create | Spearman |
| 17:46 | Create | Villager (Male) |
| 17:47 | Build | Farm |
| 17:48 | Build | Farm |
| 17:51 | Create | Archer |
| 17:51 | Create | Archer |
| 17:56 | Create | Villager (Male) |
| 18:05 | Create | Archer |
| 18:05 | Create | Archer |
| 18:08 | Build | Palisade Wall |
| 18:14 | Create | Villager (Male) |
| 18:24 | Build | Watch Tower |
| 18:28 | Build | Stone Wall |
| 18:40 | Create | Villager (Male) |
| 18:41 | Create | Archer |
| 18:41 | Create | Archer |
| 18:56 | Create | Archer |
| 19:00 | Create | Villager (Male) |
| 19:22 | Create | Archer |
| 19:29 | Create | Archer |
| 19:30 | Create | Villager (Male) |
| 19:42 | Create | Villager (Male) |
| 19:56 | Build | Stone Wall |
| 20:03 | Create | Spearman |
| 20:09 | Create | Spearman |
| 20:11 | Create | Villager (Male) |
| 20:17 | Build | Farm |
| 20:21 | Create | Archer |
| 20:21 | Create | Archer |
| 20:22 | Create | Archer |
| 20:44 | Create | Villager (Male) |
| 20:54 | Create | Archer |
| 20:56 | Create | Spearman |
| 20:59 | Create | Villager (Male) |
| 21:01 | Build | House |
| 21:02 | Build | House |
| 21:04 | Build | Watch Tower |
| 21:06 | Create | Villager (Male) |
| 21:08 | Build | House |
| 21:14 | Build | Watch Tower |
| 21:22 | Create | Villager (Male) |
| 21:25 | Create | Archer |
| 21:25 | Create | Archer |
Match timeline
| 4:34 | CNZS_98T · first_building Barracks |
| 5:38 | CNZS_MING · wall_segment Palisade Wall x1 |
| 5:53 | CNZS_MING · wall_segment Palisade Wall x1 |
| 5:54 | CNZS_MING · wall_segment Palisade Wall x1 |
| 5:55 | CNZS_MING · wall_segment Palisade Wall x1 |
| 5:56 | CNZS_98T · wall_segment Palisade Wall x1 |
| 6:01 | CNZS_MING · wall_segment Palisade Wall x1 |
| 6:01 | CNZS_MING · wall_segment Palisade Wall x1 |
| 7:11 | CNZS_MING · first_building Barracks |
| 7:29 | CNZS_MING · wall_segment Palisade Wall x1 |
| 8:00 | CNZS_MING · wall_segment Palisade Wall x1 |
| 8:02 | CNZS_MING · wall_segment Palisade Wall x1 |
| 8:06 | CNZS_MING · wall_segment Palisade Wall x1 |
| 8:07 | CNZS_MING · wall_segment Palisade Wall x1 |
| 8:11 | CNZS_MING · wall_segment Palisade Wall x1 |
| 8:27 | CNZS_MING · age_up feudal |
| 8:30 | CNZS_MING · wall_segment Palisade Wall x1 |
| 8:41 | CNZS_MING · first_building Archery Range |
| 9:28 | CNZS_98T · wall_segment Palisade Wall x3 |
| 9:28 | CNZS_MING · wall_segment Palisade Wall x1 |
| 9:29 | CNZS_98T · wall_segment Palisade Wall x9 |
| 9:52 | CNZS_MING · wall_segment Palisade Wall x1 |
| 10:31 | CNZS_98T · age_up feudal |
| 10:32 | CNZS_98T · first_building Archery Range |
| 12:24 | CNZS_MING · wall_segment Palisade Wall x1 |
| 14:38 | CNZS_MING · first_building Stable |
| 16:20 | CNZS_98T · wall_segment Palisade Wall x18 |
| 16:56 | CNZS_98T · wall_segment Palisade Wall x4 |
| 18:08 | CNZS_98T · wall_segment Palisade Wall x1 |
| 18:28 | CNZS_98T · wall_segment Stone Wall x1 |
| 19:56 | CNZS_98T · wall_segment Stone Wall x1 |
| 20:58 | CNZS_MING · first_market_buy 100 food |
| 22:38 | CNZS_98T · wall_segment Palisade Wall x1 |
| 23:41 | CNZS_MING · age_up castle |
| 24:22 | CNZS_98T · first_building Stable |
| 24:55 | CNZS_98T · wall_segment Stone Wall x1 |
| 24:56 | CNZS_98T · wall_segment Stone Wall x1 |
| 24:57 | CNZS_98T · wall_segment Stone Wall x1 |
| 25:00 | CNZS_MING · wall_segment Palisade Wall x1 |
| 25:14 | CNZS_98T · wall_segment Stone Wall x1 |
| 25:15 | CNZS_98T · wall_segment Stone Wall x1 |
| 25:56 | CNZS_98T · age_up castle |
| 27:36 | CNZS_MING · first_building Monastery |
| 28:31 | CNZS_98T · first_building Siege Workshop |
| 29:38 | CNZS_98T · wall_segment Stone Wall x1 |
| 29:38 | CNZS_98T · wall_segment Stone Wall x1 |
| 29:39 | CNZS_98T · wall_segment Stone Wall x1 |
| 29:58 | CNZS_98T · first_market_buy 100 wood |
| 32:42 | CNZS_MING · first_market_sell 100 wood |
| 35:41 | CNZS_MING · first_building Siege Workshop |
| 38:36 | CNZS_98T · first_building Castle |
| 41:08 | CNZS_98T · first_market_sell 100 wood |
| 44:56 | CNZS_MING · first_building Castle |
| 45:30 | CNZS_MING · age_up imperial |
| 46:27 | CNZS_98T · first_building Monastery |
| 46:29 | CNZS_MING · wall_segment Palisade Wall x1 |
| 50:27 | CNZS_98T · age_up imperial |
| 51:33 | CNZS_MING · wall_segment Palisade Wall x1 |
| 51:34 | CNZS_MING · wall_segment Palisade Wall x1 |
| 51:35 | CNZS_MING · wall_segment Palisade Wall x1 |
| 53:07 | CNZS_MING · wall_segment Palisade Wall x1 |
| 53:34 | CNZS_98T · wall_segment Stone Wall x1 |
| 57:20 | CNZS_MING · wall_segment Palisade Wall x1 |
| 57:24 | CNZS_MING · wall_segment Palisade Wall x1 |
| 58:29 | CNZS_MING · wall_segment Palisade Wall x1 |
| 58:31 | CNZS_MING · wall_segment Palisade Wall x1 |
| 61:19 | CNZS_MING · resign |
[ AI ANALYSIS · 1 CREDIT ]
What really happened in this match?
Wolo.gg analyzes every decision: build order, eco, micro, common mistakes by bracket. Personalized analysis on WhatsApp or Discord in 30 seconds.
Civ guide
Tatars
Perfil
Jugador #1966276